 Dungeon Sprint DCSS version 0.30-a0-1160-g6e42c06551 (webtiles) character file.

Game seed: 13916353299211054282

6558 lorenzova the Eclecticist (level 10, -19/59 HPs)
             Began as a Deep Elf Conjurer on Apr 25, 2023.
             Was a High Priest of Vehumet.
             Killed from afar by a blizzard demon (49 damage)
             ... with a bolt of lightning
             ... summoned by a deep elf demonologist
             ... in the Dungeon (Sprint III: "The Ten Rune Challenge").
             The game lasted 00:19:03 (2871 turns).

lorenzova the Eclecticist (Deep Elf Conjurer)       Turns: 2871, Time: 00:19:04

Health: -19/59     AC:  4    Str:  4    XL:     10   Next: 70%
Magic:  34/36      EV: 15    Int: 28    God:    Vehumet [*****.]
Gold:   1051       SH:  0    Dex: 13    Spells: 33/49 levels left

rFire   + . .        p - +1 long sword (holy)
rCold   + + .        (no shield)
rNeg    . . .        q - +2 robe {rC+ rF+}
rPois   .            (helmet restricted)
rElec   .            (no cloak)
rCorr   .            (no gloves)
SInv    .            (no boots)
Will    ++...        (no amulet)
Stlth   ++           (no ring)
HPRegen 0.29/turn    (no ring)
MPRegen 0.25/turn

%: no teleportation, clarity
@: no status effects
A: horns 1, clarity, cold resistance 1, strong-willed 1
a: Renounce Religion


You were in the Dungeon.
You worshipped Vehumet.
Vehumet was extremely pleased with you.
You visited 1 branch You collected 1465 gold pieces.
You spent 414 gold pieces at shops.

Inventory:

Hand Weapons
 i - a +0 dagger
 p - a +1 long sword of holy wrath (weapon)
Armour
 a - a +0 robe
 q - a +2 robe of resistance (worn)
Wands
 m - a wand of paralysis (13)
 o - a wand of roots (8)
Scrolls
 g - a scroll of blinking
 j - a scroll of poison
 k - a scroll of enchant weapon {unknown}
 l - a scroll of torment {unknown}
Potions
 b - 3 potions of magic
 c - a potion of curing
 d - a potion of heal wounds
 e - 2 potions of haste
 f - a potion of berserk rage
 h - 3 potions of mutation
 n - a potion of flight


   Skills:
 + Level 5.3 Fighting
 + Level 5.4 Armour
 + Level 8.1 Dodging
 - Level 2.4 Stealth
 * Level 20.3 Spellcasting
 * Level 17.7 Conjurations
 - Level 7.1 Fire Magic


You had 33 spell levels left.
You knew the following spells:

 Your Spells              Type           Power      Damage    Failure   Level
a - Magic Dart            Conj           100%       1d8       0%          1
b - Searing Ray           Conj           100%       2d8       0%          2
c - Iskenderun's Mystic   Conj/Tloc      67%        2d14      1%          4
d - Fulminant Prism       Conj/Hex       33%        3d15      1%          4
e - Foxfire               Conj/Fire      100%       2x1d9     0%          1
s - Sticky Flame          Conj/Fire      78%        2d9       1%          4

Your spell library contained the following spells:

 Spells                   Type           Power      Damage    Failure   Level
 Eringya's Noxious Bog    Tmut/Pois      14%        N/A       45%         6
 Dazzling Flash           Conj/Hex       100%       N/A       1%          3
 Cigotuvi's Dreadful Rot  Necr/Pois/Air  56%        N/A       2%          2
 Dispel Undead            Necr           28%        3d13      14%         4
 Death Channel            Necr           14%        N/A       91%         6


Dungeon Overview and Level Annotations

Branches:
Dungeon (1/1)

Altars:
Cheibriados
Dithmenos
Elyvilon
Fedhas
Gozag
Hepliaklqana
Kikubaaqudgha
Makhleb
Nemelex Xobeh
Okawaru
Qazlal
Ru
Sif Muna
Trog
Uskayaw
Vehumet
Wu Jian
Xom
Yredelemnul
Zin
The Shining One
Jiyva
Lugonu

Shops:
D [


Innate Abilities, Weirdness & Mutations

You have a pair of small horns on your head.
You possess an exceptional clarity of mind.
Your flesh is cold resistant. (rC+)
You are strong-willed. (Will+)


Message History

Press: ? - help, Dir - move target You conjure a prism of explosive energy!
The deep elf demonologist shouts!
A fulminant prism comes into view.
The deep elf demonologist gestures wildly while chanting.
You hear a shout!
Your fulminant prism crackles loudly.
Your fulminant prism is smitten.
Your fulminant prism explodes!
You hear a shout! x3
A deep elf pyromancer comes into view.
It is wearing a +1 robe of cold resistance.
The deep elf demonologist shouts!
The deep elf pyromancer casts a spell.
The deep elf pyromancer blinks!
A deep elf master archer comes into view.
It is wielding a +0 longbow and wearing a +1 chain mail of poison resistance.
The deep elf pyromancer moves out of view.
There is an open door here.
Casting: Fulminant Prism (safe; 1% risk of failure)
Confirm with . or Enter, or press ? or * to list all spells.
Aiming: Fulminant Prism (safe; 1% risk of failure)
Press: ? - help, Dir - move target You conjure a prism of explosive energy!
A fulminant prism comes into view.
A deep elf zephyrmancer comes into view.
It is wearing a +0 robe of poison resistance.
The deep elf master archer shoots an arrow.
The arrow hits your fulminant prism!!
Your fulminant prism detonates feebly.
The deep elf master archer shoots an arrow.
The arrow hits you!!
Ouch! That really hurt!
There is an open door to the Elven Halls here.
You close the door.
Something unseen breaks down the door.
Things that are here:
a +0 hand axe; a +0 robe You see here a +0 trident.
The blizzard demon gestures at you. The bolt of lightning hits you!!!
Ouch! That really hurt!
You die...

▓▓▓ ▓▓▓▓▓▓▓▓ ♣.############
###.##...#######
♣♣.#___#___#__###.∩......'.#...#
♣..#...#__)#._#..))....2.#.#...##
♣♣.###'#'###'##..).....###.#...≈≈
...#..........#.).).)...##.#...##
♣♣.')⌠)).))...#.#.##...###.'.2.#
♣..#...######)#.@.###.#.########
...#.⌠.#__#..)#)##############
...#...#__#..)#....#.#.#..†..# .
...#)###__#.))##.#..#.##)###.# ..
...#...#__#...)##)#.#.##)#..##^..
...#___#__'...#...#..#..##..'...o
▓▓▓▓▓▓▓▓▓▓▓▓▓▓▓▓▓▓▓▓▓▓▓▓▓▓▓▓#.*..
.O.^ ..^.


You could see a blizzard demon (summoned).

Vanquished Creatures
  Erolcha (D)
  2 orc high priests (D)
  4 deep elf pyromancers (D)
  2 orc sorcerers (D)
  A shadow (D)
  2 redbacks (D)
  A spatial vortex (D)
  3 orc warriors (D)
  5 two-headed ogres (D)
  A necrophage (D)
  A scorpion (D)
  A water elemental (D)
  A jelly (D)
  3 orc priests (D)
  A wizard (D)
  Jessica (D)
  3 orc wizards (D)
  A necromancer (D)
  3 humans (D)
  A kobold demonologist (D)
  5 orcs (D)
  2 rats (D)
45 creatures vanquished.

Vanquished Creatures (others)
  A deep elf knight (D)
  28 fulminant prisms (D)
29 creatures vanquished.

Grand Total: 74 creatures vanquished

Notes
Turn   | Place    | Note
-------+----------+-------------------------------------------
     0 | D        | lorenzova the Deep Elf Conjurer began the quest for the
                  | Orb.
     0 | D        | Reached XP level 1. HP: 10/10 MP: 6/6
    48 | D        | Noticed Jessica
    52 | D        | Killed Jessica
    53 | D        | Reached skill level 6 in Spellcasting
    53 | D        | Reached XP level 2. HP: 7/15 MP: 3/11
    90 | D        | Learned a level 2 spell: Searing Ray
   151 | D        | Reached skill level 7 in Spellcasting
   151 | D        | Reached XP level 3. HP: 19/19 MP: 0/13
   250 | D        | Noticed a scorpion
   262 | D        | Killed a scorpion
   263 | D        | Reached skill level 8 in Spellcasting
   263 | D        | Reached XP level 4. HP: 24/24 MP: 9/16
   312 | D        | Learned a level 4 spell: Iskenderun's Mystic Blast
   317 | D        | Learned a level 4 spell: Fulminant Prism
   346 | D        | Gained mutation: You are covered in fur. (AC +1) [potion of
                  | mutation]
   346 | D        | Gained mutation: Your flesh is heat resistant. (rF+)
                  | [potion of mutation]
   347 | D        | Lost mutation: Your flesh is heat resistant. (rF+) [potion
                  | of mutation]
   347 | D        | Lost mutation: You are covered in fur. (AC +1) [potion of
                  | mutation]
   347 | D        | Gained mutation: You have a beak for a mouth. [potion of
                  | mutation]
   347 | D        | Gained mutation: You are covered in fur. (AC +1) [potion of
                  | mutation]
   348 | D        | Lost mutation: You have a beak for a mouth. [potion of
                  | mutation]
   348 | D        | Lost mutation: You are covered in fur. (AC +1) [potion of
                  | mutation]
   348 | D        | Gained mutation: Your flesh is cold resistant. (rC+)
                  | [potion of mutation]
   348 | D        | Gained mutation: You have a pair of small horns on your
                  | head. [potion of mutation]
   348 | D        | Gained mutation: You are strong-willed. (Will+) [potion of
                  | mutation]
   348 | D        | Gained mutation: You possess an exceptional clarity of
                  | mind. [potion of mutation]
   378 | D        | Noticed a water elemental
   396 | D        | Killed a water elemental
   397 | D        | Reached skill level 10 in Spellcasting
   397 | D        | Reached XP level 5. HP: 28/28 MP: 12/19
   442 | D        | Found a radiant altar of Vehumet.
   442 | D        | Found a shimmering blue altar of Sif Muna.
   442 | D        | Found an ancient bone altar of Kikubaaqudgha.
   448 | D        | Reached skill level 11 in Spellcasting
   448 | D        | Reached skill level 10 in Conjurations
   497 | D        | Became a worshipper of Vehumet
   505 | D        | Found a glowing silver altar of Zin.
   505 | D        | Found a glowing golden altar of the Shining One.
   505 | D        | Found a white marble altar of Elyvilon.
   507 | D        | Noticed a deep elf pyromancer
   513 | D        | HP: 1/28 [deep elf pyromancer/+1 long sword of holy wrath
                  | (4)]
   515 | D        | Killed a deep elf pyromancer
   516 | D        | Reached skill level 14 in Spellcasting
   516 | D        | Reached XP level 6. HP: 13/32 MP: 11/25
   516 | D        | Reached XP level 7. HP: 14/36 MP: 11/27
   602 | D        | Found a hide-covered altar of Uskayaw.
   602 | D        | Found an iron altar of Okawaru.
   602 | D        | Found a bloodstained altar of Trog.
   602 | D        | Found an ornate altar of the Wu Jian Council.
   602 | D        | Noticed a human
   602 | D        | Noticed a human
   610 | D        | Killed a human
   611 | D        | Reached skill level 15 in Spellcasting
   615 | D        | Killed a human
   615 | D        | Reached * piety under Vehumet
   615 | D        | Offered knowledge of Sandblast by Vehumet.
   716 | D        | Found a basalt altar of Yredelemnul.
   716 | D        | Found a shadowy altar of Dithmenos.
   716 | D        | Found a sacrificial altar of Ru.
   720 | D        | Reached skill level 16 in Spellcasting
   720 | D        | Reached XP level 8. HP: 41/41 MP: 22/30
   762 | D        | Reached ** piety under Vehumet
   834 | D        | Found a blossoming altar of Fedhas.
   834 | D        | Found a stormy altar of Qazlal.
   834 | D        | Found a snail-covered altar of Cheibriados.
   834 | D        | Found a burning altar of Makhleb.
   834 | D        | Found a shimmering altar of Xom.
   835 | D        | Found a hazy altar of Hepliaklqana.
   835 | D        | Found an opulent altar of Gozag.
   835 | D        | Found a sparkling altar of Nemelex Xobeh.
   835 | D        | Found a corrupted altar of Lugonu.
   835 | D        | Found a viscous altar of Jiyva.
   925 | D        | Offered knowledge of Foxfire by Vehumet.
   926 | D        | Reached skill level 17 in Spellcasting
  1053 | D        | Learned a level 1 spell: Foxfire
  1096 | D        | Offered knowledge of Poisonous Vapours by Vehumet.
  1133 | D        | Reached *** piety under Vehumet
  1134 | D        | Reached skill level 1 in Fighting
  1134 | D        | Reached skill level 15 in Conjurations
  1134 | D        | Reached skill level 1 in Fire Magic
  1338 | D        | Reached skill level 1 in Armour
  1426 | D        | Noticed an orc high priest
  1426 | D        | Noticed an orc sorcerer
  1429 | D        | Offered knowledge of Flame Wave by Vehumet.
  1429 | D        | Reached **** piety under Vehumet
  1435 | D        | Killed an orc sorcerer
  1436 | D        | Reached XP level 9. HP: 48/48 MP: 29/32
  1447 | D        | Killed an orc high priest
  1448 | D        | Reached skill level 5 in Dodging
  1448 | D        | Reached skill level 18 in Spellcasting
  1456 | D        | Reached ***** piety under Vehumet
  1509 | D        | Noticed an orc high priest
  1517 | D        | Killed an orc high priest
  1550 | D        | Offered knowledge of Sticky Flame by Vehumet.
  1556 | D        | Learned a level 4 spell: Sticky Flame
  1614 | D        | Found Tocostecka's Armour Shop.
  1622 | D        | Offered knowledge of Yara's Violent Unravelling by Vehumet.
  1664 | D        | Reached skill level 5 in Fire Magic
  1681 | D        | Bought a +2 robe of resistance for 414 gold pieces
  1719 | D        | Noticed a two-headed ogre
  1729 | D        | Killed a two-headed ogre
  1730 | D        | Reached skill level 19 in Spellcasting
  1931 | D        | Noticed a two-headed ogre
  1931 | D        | Noticed Erolcha
  1933 | D        | Noticed an orc sorcerer
  1944 | D        | Killed an orc sorcerer
  1945 | D        | Reached XP level 10. HP: 57/57 MP: 18/35
  1972 | D        | Killed Erolcha
  2124 | D        | Offered knowledge of Eringya's Noxious Bog by Vehumet.
  2306 | D        | Noticed a deep elf zephyrmancer
  2306 | D        | Noticed a deep elf pyromancer
  2306 | D        | Noticed a deep elf pyromancer
  2306 | D        | Noticed a deep elf knight
  2306 | D        | Noticed a deep elf pyromancer
  2413 | D        | Killed a deep elf pyromancer
  2414 | D        | Reached skill level 5 in Fighting
  2414 | D        | Reached skill level 5 in Armour
  2414 | D        | Reached skill level 20 in Spellcasting
  2435 | D        | Killed a deep elf knight
  2436 | D        | Killed a deep elf pyromancer
  2754 | D        | Killed a deep elf pyromancer
  2847 | D        | Noticed a deep elf demonologist
  2849 | D        | Noticed a blizzard demon
  2856 | D        | Noticed a deep elf pyromancer
  2856 | D        | Noticed a deep elf master archer
  2857 | D        | Noticed a deep elf zephyrmancer
  2871 | D        | Killed from afar by a blizzard demon

Illustrated notes

Levels and vault maps discovered:
D:        dungeon_sprint_mu [sprint_mu_entry_forest, sprint_mu_temple_rooms,
          sprint_mu_d1_spiders, sprint_mu_d2_genie, sprint_mu_d3_branching,
          sprint_mu_orc_legion, sprint_mu_elf_gauntlet, sprint_mu_hive_nellie,
          sprint_mu_lair_fedhas, sprint_mu_vaults_butterflies,
          sprint_mu_slime_circle, sprint_mu_shoals_kraken,
          sprint_mu_snake_twists, sprint_mu_blade_basic,
          sprint_mu_crypt_chambers, sprint_mu_tomb_spiral,
          sprint_mu_vestibule_basic, sprint_mu_gehenna_hellfire,
          sprint_mu_dis_giant, sprint_mu_tartarus_statrot,
          sprint_mu_cocytus_islands, sprint_mu_zot1]

Skill      XL: |  1  2  3  4  5  6  7  8  9 10 |
---------------+-------------------------------+-----
Spellcasting   | 6 7 8 10 14 16 17 19 20 | 20.3
Conjurations   | 6 8 9 13 14 15 16 17 | 17.7
Fighting       | 2 4 5 |  5.3
Fire Magic     | 3 5 7 |  7.1
Armour         | 2 4 5 |  5.4
Dodging        | 4 6 8 |  8.1
Stealth        | |  2.4

Action                     |  1- 3 |  4- 6 |  7- 9 | 10-12 || total
---------------------------+-------+-------+-------+-------++-------
   Cast: Magic Dart        |    12 |       |    30 |       ||    42
         Searing Ray       |     3 |     6 |     5 |     1 ||    15
         Iskenderun's Myst |       |       |    34 |    10 ||    44
         Fulminant Prism   |       |       |    15 |    13 ||    28
         Sticky Flame      |       |       |       |     1 ||     1
    Use: Potion            |       |     4 |       |       ||     4
         Scroll            |       |     2 |       |       ||     2
  Dodge: Dodged            |     3 |       |     1 |     4 ||     8

Table legend: (Time is in decaauts)
 A = Elapsed time spent in this place.
 B = Non-inter-level travel time spent in this place.
 C = Inter-level travel time spent in this place.
 D = Time resting spent in this place.
 E = Time spent auto-exploring this place.
 F = Levels seen in this place.
 G = Mean time per level.
                   A        B        C        D        E       F      G
               +--------+--------+--------+--------+--------+-----+--------+
         Total |   2871 |   2871 |      0 |   2022 |     28 |   1 | 2871.0 |
       Dungeon |   2871 |   2871 |      0 |   2022 |     28 |   1 | 2871.0 |
               +--------+--------+--------+--------+--------+-----+--------+

Top non-repeatable levels by time:
       D: 2871 daAuts
